Description

4 Hellion to Bio Drop Play for TvP

Replay - Catalyst LE (TvP) 4 Helion Transition to Bio SALTKING

Build Order

Get SALT Encoding   

  12  0:04  SCV  
  13  0:16  SCV  
  13  0:20  Supply Depot  
  14  0:24  Refinery  
  14  0:29  SCV  
  15  0:42  SCV  
  16  0:52  Barracks  
  16  0:54  SCV  
  17  1:06  SCV  
  19  1:18  SCV  
  20  1:38  Orbital Command  
  20  1:39  Reaper  
  20  1:46  Command Center  
  20  1:58  Factory  
  20  2:07  SCV  
  21  2:11  Barracks Reactor  
  21  2:19  SCV  
  22  2:25  Supply Depot  
  22  2:31  Barracks  
  22  2:33  SCV  
  24  2:54  Barracks Tech Lab  
  24  2:55  Hellion x2  
  24  2:58  Orbital Command  
  29  3:15  Stimpack, Marine  
  29  3:17  Hellion x2  
  34  3:20  Barracks Reactor  
  37  3:42  Barracks  
  37  3:43  Marine  
  40  3:49  Factory Reactor  
  40  3:50  Refinery  
  40  3:59  Engineering Bay  
  42  4:03  Marine x3  
  46  4:12  Supply Depot x2  
  47  4:21  Marine x3  
  51  4:26  Starport  
  51  4:30  Marine x2  
  54  4:33  Terran Infantry Weapons Level 1  
  54  4:37  Factory Tech Lab  
  55  4:39  Supply Depot  
  64  5:03  Refinery  
  66  5:11  Medivac x2  
  85  5:49  Combat Shields  
  86  5:50  Refinery  
  86  5:52  Medivac  
  86  5:54  Siege Tank  
  93  6:08  Command Center  
  94  6:17  Marauder  
  103  6:27  Terran Infantry Armor Level 1  
  103  6:31  Medivac  
  105  6:35  Siege Tank  
  110  6:49  Barracks x2  
  110  6:50  Marauder  
  119  7:04  Engineering Bay  
  119  7:12  Armory  
  119  7:15  Marauder  
  126  7:21  Siege Tank  
  130  7:25  Starport Tech Lab  
  131  7:42  Barracks Tech Lab x2  
  135  7:45  Marauder  
  139  7:53  Siege Tank, Refinery  
  139  7:57  Orbital Command  
  144  8:00  Terran Infantry Weapons Level 2  
  144  8:03  Marauder x2  
  154  8:16  Marauder  
  156  8:22  Terran Infantry Armor Level 2  
  157  8:35  Marauder x2, Medivac, Siege Tank  
  157  8:41  Marauder  
  172  8:46  Refinery  
  172  8:54  Command Center  
  179  9:08  Liberator x2  
  181  9:26  Siege Tank, Fusion Core  
  200  9:48  Refinery x2  
  200  9:52  Command Center x2  
Spawning Tool Build Advisor. Get it on Overwolf

Go to:

Details

  • Created by: silverhorn  
  • Published on: Aug 03, 2018
  • Modified on: Aug 03, 2018
  • Patch: 4.0.0
Show
View Real Time Build Order
Export as new Build Order

Comments (3)

On Sept. 20, 2018, 11:06 a.m., silverhorn  said:

Factory goes on the reactor from the Barracks. While the barracks goes on to build a tech lab and start stim. @3:30 you should have 4 hellions going across the map to do eco dmg.

On Sept. 20, 2018, 3:43 a.m., Jakyll  said:

did i produce @2:55 one Helion after the other, or i put the factory on the reactor from the barracks. because there is it @ 3:49

On Sept. 20, 2018, 3:43 a.m., Jakyll  said:

did i produce @2:55 one Helion after the other, or i put the factory on the reactor from the barracks. because there is it @ 3:49

Create an account to comment!